 Dungeon Crawl Stone Soup version 0.20.1-1-g8b1a95d (webtiles) character file.

98 cravencookies the Cudgeler (level 4, -3/40 HPs)
             Began as a Minotaur Berserker on Dec 21, 2017.
             Was a Believer of Trog.
             Slain by a kobold
             ... wielding a +0 short sword
              (4 damage)
             ... on level 3 of the Dungeon.
             The game lasted 00:07:29 (1318 turns).

cravencookies the Cudgeler (Minotaur Berserker)     Turns: 1318, Time: 00:07:30

Health: -3/40      AC:  8    Str: 22    XL:     4   Next: 44%
Magic:  3/3        EV:  8    Int:  4    God:    Trog [**....]
Gold:   118        SH:  0    Dex: 10    Spells: 3/3 levels left

rFire    . . .     SeeInvis .   a - +0 mace
rCold    . . .     Gourm    .   (no shield)
rNeg     . . .     Faith    .   d - +0 chain mail
rPois    .         Spirit   .   (helmet restricted)
rElec    .         Reflect  .   (no cloak)
rCorr    .         Harm     .   (no gloves)
MR       .....                  (no boots)
Stlth    ..........             (no amulet)
Regen    0.2/turn               (no ring)
MPRegen  0.1/turn               (no ring)

@: berserk cooldown, slowed, very slow
A: retaliatory headbutt, horns 2
a: Berserk, Trog's Hand, Burn Spellbooks, Renounce Religion


You were on level 3 of the Dungeon.
You worshipped Trog.
Trog was pleased with you.
You were full.

You visited 1 branch of the dungeon, and saw 3 of its levels.

You collected 118 gold pieces.

Inventory:

Hand Weapons
 a - a +0 mace (weapon)
Armour
 b - a +0 animal skin
 d - a +0 chain mail (worn)
Scrolls
 c - a scroll of recharging {unknown}
 g - a scroll of enchant armour {unknown}
 h - a scroll of remove curse
 i - 2 scrolls of teleportation
Potions
 e - 2 potions of curing
 k - a potion of degeneration {unknown}
Comestibles
 f - 2 royal jellies
 j - 2 meat rations


   Skills:
 - Level 4.0 Fighting
 * Level 6.0 Maces & Flails
 - Level 2.5 Armour
 - Level 2.2 Dodging


You had 3 spell levels left.
You didn't know any spells.

Dungeon Overview and Level Annotations

Branches:
Dungeon (3/15)

Altars:


Innate Abilities, Weirdness & Mutations

You reflexively headbutt those who attack you in melee.
You have a pair of horns on your head.


Message History

You closely miss the orc wizard.
The orc wizard is heavily wounded.
The orc wizard hits you with a dagger.
* * * LOW HITPOINT WARNING * * *
The kobold hits you with a short sword.
* * * LOW HITPOINT WARNING * * *
The orc wizard hits you but does no damage.
The kobold hits you but does no damage.
You miss the orc wizard. Your headbutt misses the orc wizard.
The orc wizard is heavily wounded.
The orc wizard hits you but does no damage. x2
The kobold hits you but does no damage.
The orc wizard hits you but does no damage.
You're still recovering from your berserk rage.
You closely miss the orc wizard.
The orc wizard is heavily wounded.
The orc wizard barely misses you. The kobold hits you but does no damage.
The orc wizard hits you but does no damage.
The kobold hits you with a short sword.
You die...

#....#######....###..
#.............### #..
#....########.# ...
#....# #.# #..#
###..# #.# #.<# ##.#
#.# ..## #.# #.# ...
#.# #.# #@## .# #Ko#
##o## #..# ##.## #..#
##.# #.).....#
##....#.#


You could see an orc wizard, an orc and a kobold.

Vanquished Creatures
  An orc priest (D:3)
  2 worms (D:3)
  3 leopard geckos
  2 orcs (D:3)
  8 bats
  4 giant cockroaches
  7 goblins
  4 hobgoblins
  3 jackals (D:1)
  8 kobolds
  4 ball pythons
  4 frilled lizards
  5 rats
55 creatures vanquished.

Notes
Turn   | Place    | Note
-------+----------+-------------------------------------------
     0 | D:1      | cravencookies the Minotaur Berserker began the quest for the Orb.
     0 | D:1      | Reached XP level 1. HP: 19/19 MP: 0/0
   116 | D:1      | Reached XP level 2. HP: 24/27 MP: 1/1
   122 | D:1      | Reached skill level 4 in Maces & Flails
   621 | D:2      | Reached ** piety under Trog
   709 | D:2      | Reached XP level 3. HP: 30/33 MP: 2/2
  1065 | D:3      | Reached skill level 5 in Maces & Flails
  1302 | D:3      | Reached XP level 4. HP: 8/40 MP: 3/3
  1306 | D:3      | Reached skill level 6 in Maces & Flails
  1316 | D:3      | HP: 2/40 [orc wizard/dagger (2)]
  1318 | D:3      | Slain by a kobold

Skill      XL: |  1  2  3  4 |
---------------+-------------+-----
Fighting       | 4 |  4.0
Maces & Flails | 4 5 6 |  6.0
Armour         | |  2.5
Dodging        | |  2.2

Action                   |  1- 3 |  4- 6 || total
-------------------------+-------+-------++-------
Melee: Mace              |   102 |    13 ||   115
       Headbutt          |    10 |     1 ||    11
Invok: Berserk           |     2 |       ||     2
       Trog's Hand       |     1 |       ||     1
  Use: Potion            |     5 |     1 ||     6
       Scroll            |     5 |       ||     5
  Eat: Bread ration      |     2 |       ||     2
Armor: Chain mail        |    59 |    19 ||    78
Dodge: Dodged            |    56 |    14 ||    70
